 Dungeon Crawl Stone Soup version 0.30-a0-956-gcec3b41aec (webtiles) character file.

Game seed: 7026636194135448572

46 vishdafish the Conjurer (level 3, -4/24 HPs)
             Began as a Demonspawn Conjurer on Mar 30, 2023.
             Slain by a worm (9 damage)
             ... on level 2 of the Dungeon.
             The game lasted 00:01:44 (1300 turns).

vishdafish the Conjurer (Demonspawn Conjurer)       Turns: 1300, Time: 00:01:45

Health: -4/24      AC:  2    Str:  7    XL:     3   Next: 44%
Magic:  7/7        EV: 12    Int: 21    God:
Gold:   72         SH:  0    Dex: 11    Spells: 6/7 levels left

rFire   . . .      SeeInvis .    c - +0 spear (freeze)
rCold   . . .      Faith    .    (no shield)
rNeg    . . .      Spirit   .    a - +0 robe
rPois   .          Reflect  .    (helmet restricted)
rElec   .          Rampage  .    (no cloak)
rCorr   .                        (no gloves)
Will    .....                    (no boots)
Stlth   ++                       i - amulet of magic regeneration
HPRegen 0.24/turn                (no ring)
MPRegen 0.50/turn                (no ring)

@: no status effects
A: antennae 2
a: no special abilities


You were on level 2 of the Dungeon.
You visited 1 branch of the dungeon, and saw 2 of its levels.

You collected 72 gold pieces.

Inventory:

Hand Weapons
 c - a +0 spear of freezing (weapon)
Armour
 a - a +0 robe (worn)
Jewellery
 i - an amulet of magic regeneration (around neck)
 j - an amulet of the acrobat
Scrolls
 d - a scroll of amnesia {unknown}
 e - a scroll of poison {unknown}
 f - a scroll of magic mapping {unknown}
 h - a scroll of torment {unknown}
 k - a scroll of identify {unknown}
Potions
 b - a potion of magic
 g - a potion of might {unknown}


   Skills:
 - Level 1.7 Dodging
 - Level 1.8 Stealth
 + Level 2.9 Spellcasting
 + Level 4.6 Conjurations


You had 6 spell levels left.
You knew the following spells:

 Your Spells              Type           Power      Damage    Failure   Level
a - Magic Dart            Conj           88%        1d7       1%          1

Your spell library contained the following spells:

 Spells                   Type           Power      Damage    Failure   Level
 Searing Ray              Conj           44%        2d6       3%          2
 Dazzling Flash           Conj/Hex       24%        N/A       16%         3
 Call Imp                 Summ           3%         N/A       21%         2
 Mephitic Cloud           Conj/Pois/Air  9%         N/A       22%         3
 Fulminant Prism          Conj/Hex       6%         3d7       45%         4
 Iskenderun's Mystic Bla  Conj/Tloc      12%        2d5       45%         4


Dungeon Overview and Level Annotations

Branches:
Dungeon (2/15)

Altars:


Innate Abilities, Weirdness & Mutations

You have a pair of antennae on your head.


Message History

Found a whip.
Found a stone staircase leading down.
A worm is nearby!
A worm is nearby!
You reach to attack!
You hit the worm. You freeze the worm.
The worm is lightly wounded.
You hit the worm. You freeze the worm.
The worm is moderately wounded.
You barely miss the worm.
The worm is moderately wounded.
The worm bites you!
You hit the worm. You freeze the worm.
The worm is heavily wounded.
The worm misses you.
You hit the worm. You freeze the worm.
The worm is severely wounded.
You hit the worm. You freeze the worm.
The worm is severely wounded.
The worm bites you!
* * * LOW HITPOINT WARNING * * *
You are too injured to fight recklessly!
Aiming: Magic Dart (safe; 1% risk of failure)
Press: ? - help, Q - select action Shift-Dir - straight line, f/p - worm
Aim: a worm (severely wounded, 100% to hit)
Okay, then.
Aiming: Magic Dart (safe; 1% risk of failure)
Press: ? - help, Q - select action Shift-Dir - straight line, f/p - worm
Aim: a worm (heavily wounded, 100% to hit)
The magic dart hits the worm.
The worm is severely wounded.
Aiming: Magic Dart (safe; 1% risk of failure)
Press: ? - help, Q - select action Shift-Dir - straight line, f/p - worm
Aim: a worm (severely wounded, 100% to hit)
The magic dart hits the worm.
The worm is almost dead.
You barely miss the worm.
The worm is almost dead.
You barely miss the worm.
The worm is almost dead.
The worm bites you!
You die...

#+ #. #. ######. ..#
.......######### ...
>.........w@...#####+##...
.......#######..##....#...
....... ##.##.......
....##. #........##### .##
#. #########......#.... .)
............†....... #.
.#########.......... #.
#####..#.#.##.
#........#.###


You could see a worm.

Vanquished Creatures
  2 dart slugs (D:1)
  2 endoplasms (D:1)
  A giant cockroach (D:1)
  5 goblins
  A hobgoblin (D:1)
  8 jackals (D:1)
  3 kobolds (D:1)
  A quokka (D:1)
  5 ball pythons (D:1)
  4 bats (D:1)
  4 frilled lizards
  4 rats (D:1)
40 creatures vanquished.

Notes
Turn   | Place    | Note
-------+----------+-------------------------------------------
     0 | D:1      | vishdafish the Demonspawn Conjurer began the quest for the
                  | Orb.
     0 | D:1      | Reached XP level 1. HP: 13/13 MP: 3/3
   139 | D:1      | Gained mutation: You have a pair of small antennae on your
                  | head. [demonic ancestry]
   139 | D:1      | Reached XP level 2. HP: 19/19 MP: 5/5
   478 | D:1      | Gained mutation: You have a pair of antennae on your head.
                  | [demonic ancestry]
   478 | D:1      | Reached XP level 3. HP: 19/24 MP: 2/7
  1300 | D:2      | Slain by a worm

Illustrated notes

Levels and vault maps discovered:
D:1:      psy_arrival_whirlpool, layout_basic
D:2:      layout_basic, uniq_jessica, uniq_sigmund

Action                     || total
---------------------------++-------
  Melee: Spear             ||    50
         Punch             ||     1
   Cast: Magic Dart        ||    47
 Armour: Robe              ||    12
  Dodge: Dodged            ||    51

Table legend: (Time is in decaauts)
 A = Elapsed time spent in this place.
 B = Non-inter-level travel time spent in this place.
 C = Inter-level travel time spent in this place.
 D = Time resting spent in this place.
 E = Time spent auto-exploring this place.
 F = Levels seen in this place.
 G = Mean time per level.
                   A        B        C        D        E       F      G
               +--------+--------+--------+--------+--------+-----+--------+
         Total |   1305 |   1295 |     10 |      0 |   1105 |   2 |  652.5 |
       Dungeon |   1305 |   1295 |     10 |      0 |   1105 |   2 |  652.5 |
               +--------+--------+--------+--------+--------+-----+--------+

Top non-repeatable levels by time:
     D:1: 1101 daAuts
     D:2: 203 daAuts
